 Dungeon Crawl Stone Soup version 0.21.1-1-g345015f (webtiles) character file.

181916 Monsterracer the Unseen (level 17, -6/89 HPs)
             Began as a Spriggan Enchanter on Feb 8, 2018.
             Was a Follower of Uskayaw.
             Mangled by Agnes
             ... wielding a +0 lajatang of electrocution
              (26 damage)
             ... on level 3 of the Snake Pit.
             The game lasted 01:56:45 (45120 turns).

Monsterracer the Unseen (Spriggan Enchanter)       Turns: 45120, Time: 01:56:46

Health: -6/89      AC:  9    Str: 12    XL:     17   Next: 69%
Magic:  13/34      EV: 32    Int: 20    God:    Uskayaw [*.....]
Gold:   500        SH: 15    Dex: 17    Spells: 1/40 levels left

rFire    + . .     SeeInvis +   a - +8 rapier "Spiderbane" {flame, rN+}
rCold    . . .     Gourm    .   L - +2 buckler {rN+}
rNeg     + + .     Faith    .   T - +2 robe {rF+}
rPois    +         Spirit   .   M - +2 hat {MR+}
rElec    +         Reflect  +   U - +2 cloak
rCorr    .         Harm     .   (gloves unavailable)
MR       +++..                  (boots unavailable)
Stlth    +++++++...             y - +5 amulet of reflection
HPRegen  0.24/turn              e - ring of Cowardice {rElec Str+3 Int+2}
MPRegen  0.24/turn              p - ring of poison resistance {!d}

@: very slightly contaminated, studying Ice Magic, very quick
A: very small, unfitting armour, see invisible, herbivore, speed 3, slow
metabolism 2
a: Stomp, Renounce Religion


You were on level 3 of the Snake Pit.
You worshipped Uskayaw.
Uskayaw was aware of your devotion.
You were not hungry.

You visited 5 branches of the dungeon, and saw 28 of its levels.
You also visited: Trove, Sewer, Ice Cave and Volcano.

You collected 2785 gold pieces.
You spent 2285 gold pieces at shops.

Inventory:

Hand Weapons
 a - the +8 rapier "Spiderbane" (weapon) {flame, rN+}
   (You took it off an orc warrior on level 6 of the Dungeon)

   It has been specially enchanted to burn those struck by it, causing extra
   injury to most foes and up to half again as much damage against particularly
   susceptible opponents.
   It protects you from negative energy.
 b - a +1 demon blade of electrocution
Missiles
 F - 7 throwing nets (quivered)
Armour
 L - a +2 buckler of positive energy (worn)
 M - a +2 hat of magic resistance (worn)
 T - a +2 robe of fire resistance (worn)
 U - a +2 cloak (worn)
Jewellery
 e - the ring of Cowardice (left hand) {rElec Str+3 Int+2}
   (You found it in a treasure trove)

   [ring of intelligence]

   It affects your strength (+3).
   It affects your intelligence (+2).
   It insulates you from electricity.
 f - an uncursed ring of fire
 i - an uncursed ring of ice
 n - the ring of Caubbiru {rN+ Int+4}
   (You found it in a treasure trove)

   [ring of positive energy]

   It affects your intelligence (+4).
   It protects you from negative energy.
 p - a ring of poison resistance (right hand) {!d}
 r - an uncursed ring of resist corrosion {!d}
 s - the ring of Oenomania {-Tele +Fly Str+4 Int+4 Dex+4}
   (You found it in a treasure trove)

   [ring of flight]

   It affects your strength (+4).
   It affects your intelligence (+4).
   It affects your dexterity (+4).
   It lets you fly.
   It prevents most forms of teleportation.
 w - an uncursed ring of wizardry
 y - a +5 amulet of reflection (around neck)
 C - an uncursed ring of protection from cold {!d}
 P - a +2 ring of protection
Wands
 k - a wand of flame (104)
 o - a wand of iceblast (62)
 D - a wand of acid (34)
 S - a wand of clouds (5)
Scrolls
 d - a scroll of vulnerability
 g - a scroll of holy word
 j - 5 scrolls of amnesia
 l - a scroll of blinking
 m - 4 scrolls of teleportation
 t - 2 scrolls of fear {!r}
 E - 8 scrolls of remove curse
 I - 3 scrolls of magic mapping {!r}
 J - 6 scrolls of enchant armour
 K - 9 scrolls of identify
 V - 3 scrolls of enchant weapon
 W - a scroll of fog
Potions
 h - 9 potions of curing
 q - a potion of cancellation
 u - 7 potions of flight
 x - 8 potions of might
 z - 4 potions of berserk rage {!q}
 A - 4 potions of magic
 B - 3 potions of brilliance
 G - a potion of mutation {!q}
 H - 2 potions of invisibility
 O - 4 potions of haste
 X - a potion of ambrosia {!q}
 Z - 13 potions of heal wounds
Books
 N - a manual of Ice Magic
Miscellaneous
 v - a phial of floods
 Q - 2 boxes of beasts
 Y - a lamp of fire
Comestibles
 c - 20 rations


   Skills:
 + Level 10.0 Fighting
 - Level 14.0 Short Blades
 + Level 16.6 Dodging
 + Level 19.3 Stealth
 - Level 7.6 Shields
 + Level 12.4 Spellcasting
 - Level 12.0 Hexes
 - Level 5.0 Translocations
 - Level 2.9 Transmutations
 - Level 5.3 Ice Magic
 + Level 11.1 Invocations
 - Level 5.0 Evocations


You had one spell level left.
You knew the following spells:

 Your Spells              Type           Power        Failure   Level  Hunger
a - Dazzling Spray        Conj/Hex       #####.       1%          3    None
b - Ensorcelled Hibernat  Hex/Ice        #####.       1%          2    None
c - Confuse               Hex            ######..     1%          3    None
d - Tukima's Dance        Hex            ######..     1%          3    None
e - Blink                 Tloc           N/A          1%          2    None
f - Controlled Blink      Tloc           N/A          100%        8    #######
g - Statue Form           Tmut/Erth      ###......    99%         6    ######.
h - Conjure Flame         Conj/Fire      ##......     16%         3    None
i - Swiftness             Chrm/Air       ##......     9%          2    None
v - Summon Butterflies    Summ           ##......     5%          1    None
w - Cause Fear            Hex            ######....   1%          4    #......
x - Passwall              Tmut/Erth      ###.......   4%          2    None


Dungeon Overview and Level Annotations

Branches:
Dungeon (15/15)            Temple (1/1) D:5            Lair (6/6) D:10
 Shoals (0/4) Lair:4        Snake (4/4) Lair:3        Slime (0/5) Lair:5
    Orc (2/2) D:11            Elf (0/3) Orc:2        Vaults (0/5) D:13
 Depths (0/5) D:15

Altars:
Ashenzari
Cheibriados
Dithmenos
Elyvilon
Fedhas
Gozag
Hepliaklqana
Kikubaaqudgha
Makhleb
Nemelex Xobeh
Okawaru
Qazlal
Ru
Sif Muna
Trog
Uskayaw
Vehumet
Wu Jian
Xom
Yredelemnul
Zin
The Shining One
Beogh
Jiyva

Shops:
D:11 ?!*   D:15 (*(*   Orc:2 (?:   Snake:2 ?   Snake:3 [(%

Portals:
Pandemonium: Orc:2

Annotations:
Snake:3 Agnes


Innate Abilities, Weirdness & Mutations

You are very small and have problems with some larger weapons.
You are too small for most types of armour.
You have supernaturally acute eyesight. (SInv)
You are a herbivore.
You cover ground extremely quickly.
You need consume almost no food.


Message History

Aiming: Confuse
Press: ? - help, Shift-Dir - straight line, f - Agnes
Aim: Agnes, wielding a lajatang of electrocution and wearing a robe (chance to defeat MR: 14%)
Okay, then.
Casting: Confuse
Confirm with . or Enter, or press ? or * to list all spells.
Okay, then.
Casting: Confuse
Confirm with . or Enter, or press ? or * to list all spells.
Okay, then.
Agnes hits you with a lajatang of electrocution!
You are electrocuted!
Agnes hits you with a lajatang of electrocution!!
* * * LOW HITPOINT WARNING * * *
You climb upwards.
There is a stone staircase leading down here.
You take 48 damage, and have 41/89 hp.
MASSIVE DAMAGE!!
Unknown command.
Casting: Confuse
Confirm with . or Enter, or press ? or * to list all spells.
You cannot blink because you are wearing the ring of Oenomania {-Tele +Fly Str+4 Int+4 Dex+4}.
Put on which piece of jewellery? (? for menu, Esc to quit)
You're wearing all the rings you can.
Remove which one? (? for menu, Esc to cancel) < or
s - the ring of Oenomania {-Tele +Fly Str+4 Int+4 Dex+4} > or
p - a ring of poison resistance {!d} You remove the ring of Oenomania {-Tele +Fly Str+4 Int+4 Dex+4}.
You feel clever.
e - the ring of Cowardice (left hand) {rElec Str+3 Int+2} You block Agnes's attack.
Casting: Blink
Confirm with . or Enter, or press ? or * to list all spells.
You blink.
You now have 32/34 mp.
Casting: Blink
Confirm with . or Enter, or press ? or * to list all spells.
You blink.
You now have 30/34 mp.
Casting: Blink
Confirm with . or Enter, or press ? or * to list all spells.
Okay, then.
Casting: Blink
Confirm with . or Enter, or press ? or * to list all spells.
Aiming: Conjure Flame
Press: ? - help, Dir - move target cursor The fire ignites!
You now have 27/34 mp.
Casting: Conjure Flame
Confirm with . or Enter, or press ? or * to list all spells.
Aiming: Conjure Flame
Press: ? - help, Dir - move target cursor You miscast Conjure Flame.
You are very lightly contaminated with residual magic.
Nothing appears to happen.
You block Agnes's attack.
You now have 25/34 mp.
Casting: Conjure Flame
Confirm with . or Enter, or press ? or * to list all spells.
You blink.
You now have 23/34 mp.
Casting: Blink
Confirm with . or Enter, or press ? or * to list all spells.
Aiming: Conjure Flame
Press: ? - help, Dir - move target cursor You miscast Conjure Flame.
Wisps of smoke drift from your hands.
You now have 20/34 mp.
Casting: Conjure Flame
Confirm with . or Enter, or press ? or * to list all spells.
You blink.
You now have 19/34 mp.
Casting: Blink
Confirm with . or Enter, or press ? or * to list all spells.
You blink.
Agnes completely misses you.
You now have 17/34 mp.
Casting: Blink
Confirm with . or Enter, or press ? or * to list all spells.
You blink.
You now have 15/34 mp.
Casting: Blink
Confirm with . or Enter, or press ? or * to list all spells.
Aiming: Conjure Flame
Press: ? - help, Dir - move target cursor The fire ignites!
Agnes says, "You dishonour your ancestors."
You now have 12/34 mp.
You puncture Agnes! You burn Agnes.
Agnes is lightly wounded.
Agnes is engulfed in blazing flames.
Agnes barely misses you.
You hit Agnes. You burn Agnes.
Agnes is moderately wounded.
You miss Agnes.
Agnes is moderately wounded.
Agnes is engulfed in blazing flames.
Agnes hits you with a lajatang of electrocution!!
* * * LOW HITPOINT WARNING * * *
You take 24 damage, and have 20/89 hp.
MASSIVE DAMAGE!!
You puncture Agnes! You burn Agnes.
Agnes is heavily wounded.
Agnes is engulfed in blazing flames.
Agnes hits you with a lajatang of electrocution!!
You die...

.................#######....##...
............................#####
....#####....................####
...#######......##...............
...##...##......########.........
...##...##......#############....
#..##...##......##......######...
#..##...##########..........##...
##.##....#######@i......ยง...##...
.#.##.........##.##...##'##.##...
########......#..[#...#...#######
.#..............8.##.##.8.'.#####
.....###.######....#.#....#......
.#.###...#######...###...##....>.
.####......##..#....#....#.......
.#.###.....##..##.......##.......
.....###...##...#.<.8.>.#........


You could see Agnes.

Vanquished Creatures
  Rupert (D:13)
  Gastronok (Lair:1)
  Donald (Orc:2)
  Kirke (D:13)
  2 orc warlords (D:11)
  2 nagarajas
  Aizul (Snake:2)
  A stone giant (Orc:1)
  Nessos (D:12)
  Snorg (Lair:5)
  Josephine (D:11)
  A yaktaur captain (D:14)
  5 naga warriors
  Fannar (Lair:1)
  8 hydras
  Harold (Lair:1)
  Erica (Lair:1)
  17 two-headed ogres
  12 anacondas
  9 centaur warriors
  3 ogre magi
  5 death yaks (Lair:4)
  8 orc high priests
  4 tengu warriors
  5 naga sharpshooters
  A sun demon (Orc:1)
  4 shock serpents
  Urug (D:13)
  A sixfirhy (Orc:2)
  5 skeletal warriors (D:15)
  Sonja (Orc:1)
  A salamander mystic (Snake:3)
  A hell knight (Volcano)
  An unseen horror (D:13)
  2 torturous demonspawn (Orc:2)
  5 naga ritualists (Snake:2)
  A lindwurm (Lair:4)
  2 necromancers
  2 infernal demonspawn (Orc:2)
  A phantasmal warrior (D:14)
  7 orc knights
  A wizard (D:15)
  2 obsidian statues
  A wolf spider zombie (D:15)
  A sphinx zombie (D:15)
  5 orc sorcerers (Orc:2)
  An oklob plant (Lair:3)
  4 ugly things
  4 manticores
  3 deep elf magi (D:14)
  3 mana vipers (Snake:2)
  2 cyclopes
  4 salamanders
  A fire giant skeleton (D:15)
  12 elephants
  31 black mambas
  An ice statue (IceCv)
  4 guardian serpents
  11 naga magi
  A torpor snail (Lair:3)
  A spiny frog (shapeshifter) (D:14)
  2 gargoyles (D:14)
  A yaktaur zombie (D:15)
  20 spiny frogs
  An efreet (D:14)
  5 komodo dragons
  10 freezing wraiths (IceCv)
  2 tengu conjurers (D:14)
  A hellwing (Orc:2)
  2 hornets
  3 meliai (D:13)
  2 polar bears
  3 tyrant leeches (Lair:6)
  15 trolls
  3 wolf spider simulacra
  6 slime creatures (D:15)
  Prince Ribbit (D:7)
  35 blink frogs
  10 hippogriffs
  A shadow (D:14)
  8 wraiths
  31 yaks
  A vampire (D:14)
  16 humans
  3 basilisks
  Eustachio (D:5)
  A hog (D:13)
  A hog (shapeshifter) (D:15)
  5 hungry ghosts
  10 vampire mosquitoes
  5 wargs
  17 water moccasins
  30 nagas
  2 soldier ants (D:8)
  12 porcupines
  A swamp drake (D:11)
  5 black bears
  47 orc warriors
  A sky beast (D:10)
  14 ice beasts
  An eye of draining (D:14)
  An eye of draining (shapeshifter) (D:14)
  A phantom (D:11)
  20 centaurs
  10 wolves
  6 ogres
  The ghost of shakethe the Ducker, an amateur OpTm of Cheibriados (D:3)
  13 crocodiles
  A crocodile (shapeshifter) (D:14)
  8 big kobolds
  27 bullfrogs
  2 wyvern zombies
  5 scorpions
  A tengu zombie (D:15)
  12 killer bees
  An elephant simulacrum (IceCv)
  5 wights (D:9)
  9 howler monkeys
  7 electric eels
  2 bullfrog zombies
  6 crimson imps
  6 draconian simulacra (IceCv)
  29 orc priests
  5 centaur skeletons
  3 centaur zombies
  5 hounds
  5 bullfrog skeletons
  4 jellies
  5 iguanas
  Crazy Yiuf (D:7)
  32 orc wizards
  3 spriggan simulacra (IceCv)
  5 troll simulacra (IceCv)
  17 worker ants
  A killer bee zombie (D:7)
  A polar bear simulacrum (IceCv)
  3 hound zombies
  2 worker ant zombies
  23 adders
  18 gnolls
  A howler monkey skeleton (D:7)
  A naga simulacrum (IceCv)
  6 river rats
  5 ogre simulacra (IceCv)
  2 shadow imps
  12 white imps (IceCv)
  7 oozes (Sewer)
  An adder skeleton (D:5)
  10 worms
  A dart slug (D:3)
  4 leopard geckos
  134 orcs
  7 giant cockroaches
  9 goblins
  4 hobgoblins
  13 jackals
  25 kobolds
  7 quokkas
  2 ball pythons
  18 bats
  11 frilled lizards
  A leopard gecko zombie (D:7)
  A quokka skeleton (D:9)
  23 rats
  A plant (Lair:3)
1169 creatures vanquished.

Vanquished Creatures (collateral kills)
  2 ogres
2 creatures vanquished.

Vanquished Creatures (others)
  A naga sharpshooter (Snake:1)
  2 humans (D:13)
  A bush (Snake:4)
  22 fungi
  51 plants
  4 withered plants (D:15)
81 creatures vanquished.

Grand Total: 1252 creatures vanquished

Notes
Turn   | Place    | Note
-------+----------+-------------------------------------------
     0 | D:1      | Monsterracer the Spriggan Enchanter began the quest for the Orb.
     0 | D:1      | Reached XP level 1. HP: 9/9 MP: 5/5
   114 | D:1      | Reached XP level 2. HP: 7/13 MP: 4/7
   182 | D:1      | Learned a level 2 spell: Ensorcelled Hibernation
   460 | D:1      | HP: 6/13 [jackal (2)]
   464 | D:1      | Reached XP level 3. HP: 8/16 MP: 7/9
   467 | D:1      | HP: 7/16 [jackal (1)]
   472 | D:1      | HP: 3/16 [jackal (1)]
   480 | D:1      | HP: 2/16 [kobold (1)]
   526 | D:1      | HP: 3/16 [jackal (1)]
   531 | D:1      | HP: 2/16 [jackal (1)]
   854 | D:1      | Learned a level 3 spell: Confuse
  1280 | D:1      | Reached skill level 5 in Stealth
  1706 | D:2      | Found a snail-covered altar of Cheibriados.
  1762 | D:2      | Reached XP level 4. HP: 21/21 MP: 10/10
  1771 | D:2      | Learned a level 3 spell: Tukima's Dance
  2441 | D:3      | HP: 8/21 [kobold (3)]
  2705 | D:3      | Reached XP level 5. HP: 16/24 MP: 5/12
  3109 | D:3      | Noticed shakethe's ghost (amateur OpTm)
  3143 | D:3      | HP: 11/24 [shakethe's ghost (3)]
  3146 | D:3      | Killed shakethe's ghost
  3146 | D:3      | Reached skill level 6 in Stealth
  3146 | D:3      | Reached skill level 5 in Spellcasting
  3623 | D:3      | Reached XP level 6. HP: 28/28 MP: 14/14
  3680 | D:3      | Learned a level 3 spell: Dazzling Spray
  4019 | D:4      | Reached skill level 5 in Hexes
  4178 | D:4      | HP: 13/28 [orc wizard/magic dart (8)]
  4183 | D:4      | HP: 9/28 [orc/dagger (3)]
  4730 | D:4      | HP: 14/28 [poisoned by an orc]
  4737 | D:4      | HP: 13/28 [poisoned by an orc]
  5044 | D:4      | Reached XP level 7. HP: 32/32 MP: 16/16
  5068 | D:4      | Reached skill level 7 in Stealth
  5102 | D:4      | HP: 11/32 [orc wizard/magic dart (9)]
  5391 | D:4      | Found a glowing silver altar of Zin.
  5393 | D:4      | Found a hazy altar of Hepliaklqana.
  5480 | D:5      | Entered Level 5 of the Dungeon
  5593 | D:4      | HP: 15/32 [orc/club (4)]
  5926 | D:5      | Found a glowing drain.
  5931 | Sewer    | Entered a sewer
  6462 | Sewer    | Reached skill level 5 in Short Blades
  6462 | Sewer    | Reached skill level 8 in Stealth
  6607 | Sewer    | HP: 15/32 [big kobold (4)]
  6610 | Sewer    | Reached XP level 8. HP: 18/36 MP: 8/19
  7219 | D:5      | Found a staircase to the Ecumenical Temple.
  7293 | Temple   | Entered the Ecumenical Temple
  7664 | D:5      | HP: 18/36 [bullfrog zombie (4)]
  7669 | D:5      | HP: 18/36 [bullfrog zombie (1)]
  7930 | D:5      | Reached skill level 9 in Stealth
  8482 | D:5      | Noticed Eustachio
  8485 | D:5      | Killed Eustachio
  8502 | D:4      | Found a shattered altar of Ashenzari.
  8502 | D:4      | Found a white marble altar of Elyvilon.
  8839 | D:6      | Reached skill level 10 in Stealth
  8844 | D:6      | Reached XP level 9. HP: 39/39 MP: 16/21
  9037 | D:6      | Got a twisted rapier {flame}
  9038 | D:6      | Identified the +8 rapier "Spiderbane" {flame, rN+} (You took it off an orc warrior on level 6 of the Dungeon)
  9054 | D:6      | Reached skill level 5 in Dodging
  9698 | D:7      | Reached skill level 1 in Fighting
  9778 | D:7      | HP: 15/41 [ogre/giant spiked club (18)]
  9791 | D:7      | HP: 9/41 [howler monkey (7)]
 10281 | D:7      | Noticed Prince Ribbit
 10303 | D:7      | HP: 17/41 [Prince Ribbit (20)]
 10310 | D:7      | Killed Prince Ribbit
 10310 | D:7      | Reached skill level 1 in Shields
 10868 | D:7      | HP: 17/42 [orc priest/divine providence (14)]
 11125 | D:7      | Found Vefforom's General Store.
 11385 | D:7      | Found a runed door.
 11475 | D:7      | Noticed Crazy Yiuf
 11479 | D:7      | Killed Crazy Yiuf
 11513 | D:8      | Noticed a two-headed ogre
 11517 | D:8      | Killed a two-headed ogre
 11517 | D:8      | Reached skill level 11 in Stealth
 11517 | D:8      | Reached XP level 10. HP: 46/46 MP: 20/23
 11983 | D:8      | Found a glowing golden altar of the Shining One.
 12324 | D:8      | Reached XP level 11. HP: 43/51 MP: 24/24
 13050 | D:9      | Noticed a two-headed ogre
 13055 | D:9      | Killed a two-headed ogre
 13056 | D:9      | Noticed a two-headed ogre
 13063 | D:9      | Killed a two-headed ogre
 13123 | D:9      | Found a hide-covered altar of Uskayaw.
 13130 | D:9      | Became a worshipper of Uskayaw the Reveler
 13412 | D:10     | Entered Level 10 of the Dungeon
 13419 | D:10     | Reached skill level 12 in Stealth
 13419 | D:10     | Reached * piety under Uskayaw
 13425 | D:10     | Reached ** piety under Uskayaw
 13688 | D:10     | Found a staircase to the Lair.
 13724 | D:10     | Reached skill level 1 in Invocations
 13724 | D:10     | Reached *** piety under Uskayaw
 13727 | D:10     | Reached **** piety under Uskayaw
 13730 | D:10     | Reached ***** piety under Uskayaw
 14031 | D:10     | Reached skill level 10 in Short Blades
 14161 | D:10     | Reached XP level 12. HP: 46/56 MP: 25/25
 14326 | D:10     | Noticed a tengu warrior
 14338 | D:10     | Killed a tengu warrior
 14548 | D:11     | Noticed Josephine
 14609 | D:11     | Found a portal to a secret trove of treasure.
 14638 | D:11     | Found Obbih's Distillery.
 14654 | D:11     | Bought a potion of heal wounds for 65 gold pieces
 14659 | D:11     | Bought a potion of might for 52 gold pieces
 14941 | D:11     | Found Raurhac's Assorted Antiques.
 14957 | D:11     | Bought a scroll labeled HEOFEU JOIRHIPEE for 26 gold pieces
 15036 | D:11     | Reached ****** piety under Uskayaw
 15122 | D:11     | HP: 28/58 [orc priest/divine providence (10)]
 15144 | D:11     | HP: 21/58 [yak (10)]
 15168 | D:11     | HP: 24/58 [swamp drake] (1)]
 15364 | D:11     | Learned a level 4 spell: Cause Fear
 15392 | D:11     | Found a staircase to the Orcish Mines.
 15598 | D:11     | Noticed a five-headed hydra
 15605 | D:11     | Killed a five-headed hydra
 15767 | D:11     | Found Foigin's Magic Scroll Shop.
 15775 | D:11     | Bought 2 scrolls of enchant armour for 195 gold pieces
 15775 | D:11     | Bought a scroll of brand weapon for 260 gold pieces
 15811 | D:11     | Noticed a six-headed hydra
 15884 | D:11     | Killed a six-headed hydra
 15892 | D:11     | Reached skill level 13 in Stealth
 16102 | Lair:1   | Entered Level 1 of the Lair of Beasts
 16140 | Lair:1   | Found a frozen archway.
 16151 | IceCv    | Entered an ice cave
 16529 | IceCv    | Found an ancient bone altar of Kikubaaqudgha.
 16560 | IceCv    | HP: 24/58 [troll simulacrum (8)]
 16755 | IceCv    | Reached skill level 10 in Dodging
 17180 | IceCv    | Reached skill level 10 in Hexes
 17307 | Lair:1   | Learned a level 6 spell: Statue Form
 17365 | Lair:1   | Noticed Harold
 17389 | Lair:1   | Noticed an eight-headed hydra
 17421 | Lair:1   | Reached XP level 13. HP: 47/63 MP: 7/26
 17556 | Lair:1   | Reached skill level 1 in Ice Magic
 17689 | Lair:1   | Reached skill level 5 in Fighting
 17891 | Lair:1   | Noticed Gastronok
 17923 | Lair:1   | Noticed Fannar
 18149 | Lair:1   | Killed Gastronok
 18224 | Lair:1   | HP: 23/63 [electric eel/bolt of electricity (10)]
 18225 | Lair:1   | HP: 10/63 [electric eel/bolt of electricity (13)]
 18356 | Lair:1   | HP: 2/63 [Fannar/Ozocubu's Refrigeration (31)]
 18706 | Lair:1   | Killed Harold
 18747 | Lair:1   | Killed Fannar
 18974 | Lair:1   | Noticed Erica
 19249 | Lair:1   | Killed Erica
 19249 | Lair:1   | Reached skill level 14 in Stealth
 19249 | Lair:1   | Reached skill level 5 in Invocations
 19831 | Lair:2   | HP: 31/64 [electric eel/bolt of electricity (7)]
 20823 | Lair:3   | Found a staircase to the Snake Pit.
 20952 | Lair:3   | HP: 20/65 [elephant (19)]
 20983 | Lair:3   | HP: 20/65 [elephant (5)]
 21018 | Lair:3   | HP: 11/65 [elephant (14)]
 22704 | Lair:4   | Found a staircase to the Shoals.
 22751 | Lair:4   | Reached XP level 14. HP: 70/70 MP: 23/27
 22782 | Lair:4   | HP: 24/70 [death yak (16)]
 22953 | Lair:4   | HP: 29/70 [blink frog (17)]
 22970 | Lair:4   | HP: 18/70 [blink frog (13)]
 22987 | Lair:4   | HP: 20/70 [yak (1)]
 23019 | Lair:4   | HP: 13/70 [yak (13)]
 23042 | Lair:4   | HP: 10/70 [yak (6)]
 23533 | Lair:4   | Found a dark tunnel.
 23577 | Volcano  | Entered a volcano
 23603 | Volcano  | Found a bloodstained altar of Trog.
 24075 | Lair:4   | Reached skill level 15 in Stealth
 24339 | Lair:4   | HP: 35/70 [death yak (19)]
 24345 | Lair:4   | HP: 14/70 [death yak (21)]
 24850 | Lair:5   | Reached skill level 5 in Ice Magic
 25019 | Lair:5   | Noticed Snorg
 25025 | Lair:5   | Killed Snorg
 25402 | Lair:5   | Found a viscous altar of Jiyva.
 25402 | Lair:5   | Found a staircase to the Slime Pits.
 25534 | Lair:6   | Entered Level 6 of the Lair of Beasts
 25606 | Lair:6   | Got a warped falchion
 25655 | Lair:6   | HP: 35/70 [poisoned by a spiny frog]
 25660 | Lair:6   | HP: 34/70 [poisoned by a spiny frog]
 25667 | Lair:6   | HP: 32/70 [poisoned by a spiny frog]
 25672 | Lair:6   | HP: 31/70 [poisoned by a spiny frog]
 25680 | Lair:6   | HP: 31/70 [poisoned by a spiny frog]
 25728 | Lair:6   | HP: 33/70 [bullfrog (4)]
 25773 | Lair:6   | HP: 33/70 [bullfrog (3)]
 26398 | Lair:6   | Reached skill level 1 in Evocations
 26571 | Lair:6   | Reached XP level 15. HP: 59/75 MP: 20/28
 27273 | Lair:6   | Learned a level 8 spell: Controlled Blink
 27748 | Orc:1    | Entered Level 1 of the Orcish Mines
 27774 | D:11     | HP: 34/75 [orc wizard/magic dart (5)]
 27964 | Orc:1    | Noticed an orc warlord
 28062 | D:11     | Killed an orc warlord
 28303 | Orc:1    | Noticed an orc warlord
 28337 | Orc:1    | HP: 32/75 [orc warlord/great mace of protection (23)]
 28602 | D:11     | Killed an orc warlord
 29219 | Orc:1    | Learned a level 2 spell: Passwall
 29375 | Orc:1    | Reached skill level 16 in Stealth
 29437 | Orc:2    | Entered Level 2 of the Orcish Mines
 29437 | Orc:2    | Noticed Donald
 29640 | Orc:2    | HP: 12/75 [orc knight/great mace (33)]
 29679 | Orc:1    | HP: 9/75 [orc warrior/hand axe of chopping[an orc knight] (9)]
 30015 | Orc:2    | Found a roughly hewn altar of Beogh.
 30104 | Orc:2    | Found Etyteoff's Magic Scroll Shoppe.
 30106 | Orc:2    | Found Govouvo's Food Emporium.
 30148 | Orc:2    | Reached skill level 1 in Transmutations
 30329 | Orc:2    | HP: 26/75 [sun demon (12)]
 30702 | Orc:2    | Noticed Sonja
 30748 | Orc:1    | HP: 28/75 [orc knight/great sword (14)]
 31000 | Orc:1    | Killed Sonja
 31490 | Orc:2    | Bought a scroll of teleportation for 48 gold pieces
 31490 | Orc:2    | Bought a scroll of teleportation for 48 gold pieces
 31556 | Orc:2    | Killed Donald
 31622 | Orc:2    | Found a staircase to the Elven Halls.
 31923 | Orc:2    | HP: 37/77 [sixfirhy[an orc high priest] (4)]
 31948 | Orc:2    | HP: 14/77 [hellwing (10)]
 31964 | Orc:2    | HP: 3/77 [orc knight/long sword (13)]
 32367 | Orc:2    | Reached skill level 5 in Evocations
 32481 | Orc:2    | HP: 25/77 [red devil/trident[an orc sorcerer] (18)]
 32488 | Orc:2    | HP: 23/77 [poisoned by an orange demon]
 32498 | Orc:2    | HP: 23/77 [poisoned by an orange demon]
 32506 | Orc:2    | HP: 23/77 [poisoned by an orange demon]
 32809 | Orc:2    | Found Qonli's Antique Weapon Shop.
 32809 | Orc:2    | Found Mobi's Book Boutique.
 32809 | Orc:2    | Found a one-way gate leading to the halls of Pandemonium.
 32932 | Orc:2    | Bought a ration for 65 gold pieces
 32932 | Orc:2    | Bought a ration for 65 gold pieces
 32932 | Orc:2    | Bought a ration for 65 gold pieces
 32932 | Orc:2    | Bought a ration for 65 gold pieces
 32932 | Orc:2    | Bought a ration for 65 gold pieces
 32932 | Orc:2    | Bought a ration for 65 gold pieces
 32932 | Orc:2    | Bought a ration for 65 gold pieces
 32934 | Orc:2    | Bought a scroll of acquirement for 832 gold pieces
 33143 | D:11     | Killed Josephine
 33388 | D:11     | Learned a level 1 spell: Summon Butterflies
 34030 | D:12     | Noticed Nessos
 34036 | D:12     | Killed Nessos
 34141 | D:13     | Found a gate to the Vaults.
 34141 | D:13     | Noticed Urug
 34141 | D:13     | Noticed Rupert
 34462 | D:13     | Reached skill level 17 in Stealth
 34518 | D:13     | Noticed Kirke
 34550 | D:13     | Killed Kirke
 34794 | D:13     | Reached XP level 16. HP: 81/81 MP: 30/30
 34950 | D:13     | Killed Rupert
 35144 | D:13     | Reached skill level 10 in Spellcasting
 35165 | D:13     | Killed Urug
 35726 | D:14     | Found an iron altar of Okawaru.
 35749 | D:14     | HP: 33/82 [centaur warrior/arrow (21)]
 35860 | D:14     | Identified the +0 pair of gloves "Goxiodij" {-Cast rF++ Stlth+} (You found it on level 14 of the Dungeon)
 36694 | D:14     | Learned a level 2 spell: Blink
 36800 | D:14     | Reached skill level 15 in Dodging
 37162 | D:15     | Entered Level 15 of the Dungeon
 37168 | D:15     | Reached skill level 1 in Translocations
 37329 | D:15     | Found a staircase to the Depths.
 37544 | D:15     | Reached skill level 18 in Stealth
 37802 | D:15     | Reached skill level 10 in Invocations
 37970 | D:15     | Found Pafuu's Assorted Antiques.
 37971 | D:15     | Found Hamadub's Weapon Shoppe.
 38077 | D:15     | Bought a scroll of teleportation for 87 gold pieces
 38077 | D:15     | Bought a pearl ring for 145 gold pieces
 38135 | D:15     | Found Kupiem's Weapon Boutique.
 38498 | D:15     | Found Migoll's Assorted Antiques.
 38692 | D:11     | You paid a toll of 13 scrolls of teleportation to enter a treasure trove
 38693 | Trove    | Entered a treasure trove
 38707 | Trove    | Got a wavering glass ring
 38709 | Trove    | Identified the ring of Oenomania {-Tele +Fly Str+4 Int+4 Dex+4} (You found it in a treasure trove)
 38724 | Trove    | Got a steaming platinum ring
 38726 | Trove    | Identified the ring "Zask" {*Tele +Blink} (You found it in a treasure trove)
 38735 | Trove    | Got a twitching steel amulet
 38737 | Trove    | Identified the amulet of Pedd {Spirit rElec MP+9} (You found it in a treasure trove)
 38744 | Trove    | Got a flickering diamond amulet
 38746 | Trove    | Identified the amulet "Cimmats" {Inacc rPois Str-5 SInv} (You found it in a treasure trove)
 38762 | Trove    | Got a brightly glowing amber ring
 38764 | Trove    | Identified the ring of Cowardice {rElec Str+3 Int+2} (You found it in a treasure trove)
 38768 | Trove    | Identified the ring of Caubbiru {rN+ Int+4} (You found it in a treasure trove)
 38770 | Trove    | Identified the amulet "Erruner" {MR+ Regen+} (You found it in a treasure trove)
 39004 | Snake:1  | Entered Level 1 of the Snake Pit
 39175 | Snake:1  | HP: 41/84 [naga sharpshooter/arrow (2)]
 39419 | Snake:1  | Learned a level 3 spell: Conjure Flame
 40124 | Snake:2  | Reached skill level 5 in Translocations
 40158 | Snake:2  | Reached XP level 17. HP: 65/88 MP: 25/33
 40342 | Snake:2  | HP: 44/88 [naga ritualist/Olgreb's Toxic Radiance (1)]
 40347 | Snake:1  | HP: 43/88 [poisoned by a naga ritualist (toxic radiance)]
 40353 | Snake:1  | HP: 43/88 [poisoned by a naga ritualist (toxic radiance)]
 40782 | Snake:2  | Noticed Aizul
 40808 | Snake:2  | Killed Aizul
 40818 | Snake:2  | HP: 44/88 [poisoned by Aizul (bolt of poison)]
 40824 | Snake:2  | HP: 42/88 [poisoned by Aizul (bolt of poison)]
 40829 | Snake:2  | HP: 40/88 [poisoned by Aizul (bolt of poison)]
 40835 | Snake:2  | HP: 39/88 [poisoned by Aizul (bolt of poison)]
 40843 | Snake:2  | HP: 39/88 [poisoned by Aizul (bolt of poison)]
 40957 | Snake:2  | HP: 40/88 [something (25)]
 41332 | Snake:2  | HP: 43/88 [naga mage/spear (2)]
 41337 | Snake:2  | HP: 31/88 [naga mage/spear (3)]
 41342 | Snake:2  | HP: 23/88 [poisoned by a naga mage (splash of poison)]
 41344 | Snake:2  | HP: 10/88 [salamander/halberd (13)]
 41344 | Snake:2  | HP: 4/88 [salamander/halberd (6)]
 41349 | Snake:2  | HP: 16/88 [poisoned by a naga mage (splash of poison)]
 41354 | Snake:2  | HP: 16/88 [poisoned by a naga mage (splash of poison)]
 41572 | Snake:2  | HP: 34/88 [black mamba (15)]
 41581 | Snake:2  | HP: 23/88 [naga ritualist/scimitar of venom (2)]
 41806 | Snake:2  | Found Heyrot's Magic Scroll Boutique.
 41814 | Snake:2  | Learned a level 2 spell: Swiftness
 41820 | Snake:2  | Bought a scroll of teleportation for 36 gold pieces
 41820 | Snake:2  | Bought a scroll of teleportation for 36 gold pieces
 42820 | Snake:3  | HP: 35/88 [naga sharpshooter/bolt (24)]
 43089 | Snake:3  | Reached skill level 19 in Stealth
 43122 | Snake:3  | Found Boudi's Food Shop.
 43124 | Snake:3  | Found Piwkiceaxt's Antique Weapon Boutique.
 43126 | Snake:3  | Found Bepasm's Armour Shop.
 44035 | Snake:4  | Entered Level 4 of the Snake Pit
 44062 | Snake:3  | Reached skill level 10 in Fighting
 44432 | Snake:4  | HP: 37/89 [naga sharpshooter/bolt (25)]
 44445 | Snake:4  | HP: 38/89 [naga sharpshooter/splash of poison (1)]
 44452 | Snake:4  | HP: 25/89 [naga sharpshooter/bolt (14)]
 44715 | Snake:4  | HP: 36/89 [nagaraja/poison arrow (11)]
 44720 | Snake:4  | HP: 31/89 [poisoned by a nagaraja (poison arrow)]
 44725 | Snake:4  | HP: 29/89 [poisoned by a nagaraja (poison arrow)]
 44733 | Snake:4  | HP: 27/89 [poisoned by a nagaraja (poison arrow)]
 45087 | Snake:4  | Noticed Agnes
 45102 | Snake:4  | HP: 41/89 [Agnes/lajatang of electrocution (27)]
 45119 | Snake:3  | HP: 20/89 [Agnes/lajatang of electrocution (25)]
 45120 | Snake:3  | Mangled by Agnes

Skill      XL: |  1  2  3  4  5  6  7  8  9 10 11 12 13 14 15 16 17 |
---------------+----------------------------------------------------+-----
Spellcasting   | 3 4 5 6 7 8 9 11 12 | 12.4
Hexes          | 4 5 6 7 8 10 11 12 | 12.0
Stealth        | 5 6 8 10 11 12 13 14 15 17 18 19 | 19.3
Short Blades   | 2 3 4 5 6 8 10 11 13 14 | 14.0
Dodging        | 4 6 7 8 10 11 12 14 15 16 | 16.6
Fighting       | 2 3 4 6 7 8 9 10 | 10.0
Shields        | 1 7 |  7.6
Invocations    | 1 4 5 7 8 10 11 | 11.1
Ice Magic      | 3 5 |  5.3
Evocations     | 1 5 |  5.0
Transmutations | 2 |  2.9
Translocations | 5 |  5.0

Action                   |  1- 3 |  4- 6 |  7- 9 | 10-12 | 13-15 | 16-18 || total
-------------------------+-------+-------+-------+-------+-------+-------++-------
Melee: Dagger            |   176 |   155 |       |    13 |    39 |       ||   383
       Short sword       |       |   189 |   415 |       |       |       ||   604
       Rapier            |       |       |   149 |   465 |  1116 |   869 ||  2599
Throw: Stone             |       |       |       |     1 |       |       ||     1
 Cast: Corona            |     9 |     8 |       |       |       |       ||    17
       Ensorcelled Hiber |    10 |    26 |    66 |    70 |   253 |    97 ||   522
       Confuse           |       |     1 |     4 |    30 |    42 |    18 ||    95
       Dazzling Spray    |       |       |     1 |       |    22 |    14 ||    37
       Tukima's Dance    |       |       |     3 |       |       |       ||     3
       Cause Fear        |       |       |       |       |     1 |     1 ||     2
       Blink             |       |       |       |       |       |     6 ||     6
       Conjure Flame     |       |       |       |       |       |     2 ||     2
Invok: Stomp             |       |       |       |     3 |     8 |     5 ||    16
 Abil: Evoke Flight      |       |       |       |       |     1 |     1 ||     2
Evoke: Wand              |       |       |       |       |     1 |       ||     1
  Use: Scroll            |       |     9 |     8 |    10 |     5 |     6 ||    38
       Potion            |       |       |       |     1 |       |     2 ||     3
 Stab: Sleeping          |    15 |    34 |    47 |    81 |   144 |    75 ||   396
       Distracted        |       |     1 |     1 |     3 |    10 |     5 ||    20
       Confused          |       |       |     1 |    12 |    18 |     6 ||    37
       Paralysed         |       |       |       |    18 |    85 |    62 ||   165
       Invisible         |       |       |       |       |     2 |     4 ||     6
  Eat: Ration            |       |     2 |     4 |     4 |    10 |     7 ||    27
Armor: Robe              |    20 |    51 |    70 |    16 |    42 |    30 ||   229
Dodge: Dodged            |   169 |   245 |   420 |   231 |   699 |   485 ||  2249
Block: Buckler           |       |       |       |    89 |   313 |   315 ||   717
       Reflection        |       |       |       |       |       |    31 ||    31

Vault maps used:
D:1:      minmay_arrival_up_and_down, minmay_pentomino_t4
D:2:      cheibriados_altar_1
D:4:      nicolae_overflow_hidden_temple
D:5:      minmay_temple_entry_glassed_door, first_ration,
          lightli_sewer_entry_pipes, uniq_eustachio
D:7:      serial_shops, shop_fountains, grunt_ministairs_11, minivault_25,
          uniq_prince_ribbit1, uniq_crazy_yiuf_cottage
D:8:      hangedman_pestilent_swarm, tso_metal_star
D:9:      marbit_many_paths
D:10:     kennysheep_windowed_halls, david_lair_generic
D:11:     erik_orc_1, serial_shops, nicolae_shop_overgrown_old_shop,
          nicolae_shop_trees, kennysheep_mini, enter_trove_0, uniq_josephine
D:12:     uniq_nessos
D:13:     david_vaults_3, minivault_16, uniq_kirke
D:14:     hangedman_cross_cluster, hangedman_abyss_or_decor_stagger, uniq_rupert
D:15:     gammafunk_depths_entry_grave, minivault_24, serial_shops,
          nicolae_shop_window_shopping, shop, nicolae_shop_trees, shop
Temple:   nicolae_temple_elliptical
Lair:1:   portal_ice_cave_entry_pillars_1, nicolae_quartered_pool_medium,
          uniq_gastronok, uniq_harold, uniq_erica, uniq_fannar
Lair:2:   st_stairs_4, lemuel_old_faithful, serial_bayou_shore_a
Lair:3:   guppyfry_snake_entry_island, minmay_lair_oklob_chamber
Lair:4:   minmay_shoals_entry_beasts, nicolae_volcano_entry_vermiform,
          grunt_megastairs_2
Lair:5:   dpeg_slime_entry_enclosed_altar, uniq_snorg
Lair:6:   minmay_lair_end_frog_pond
Snake:2:  minmay_snake_river, serial_shops, shop_scrolls,
          dpeg_stationary_puzzle, uniq_aizul
Snake:3:  spider_trap, grunt_ministairs_13, minmay_shop_star
Snake:4:  johnstein_snake_rune_scales, basic_altar,
          nicolae_snake_serpentine_hallways, minmay_shop_grove, uniq_agnes,
          uniq_asterion
Orc:1:    guppyfry_library_mini
Orc:2:    pf_orc_diabolical, basic_altar, minmay_orc_keep, uniq_sonja,
          uniq_donald
Trove:    trove_jewel_2
Sewer:    sewer_co_tree
IceCv:    ice_cave_small_necro
Volcano:  kennysheep_volcano_temple
